 Dungeon Crawl Stone Soup version 0.30-a0-711-gf4ac18a38d (webtiles) character file.

Game seed: 2693017248360091417

187 OTABOTABOTAB the Shooter (level 5, -7/32 HPs)
             Began as a Kobold Hunter on Jan 22, 2023.
             Mangled by a gnoll
             ... wielding a +0 halberd
              (9 damage)
             ... on level 6 of the Dungeon.
             The game lasted 00:03:18 (2815 turns).

OTABOTABOTAB the Shooter (Kobold Hunter)            Turns: 2815, Time: 00:03:19

Health: -7/32      AC:  3    Str:  8    XL:     5   Next: 99%
Magic:  5/5        EV: 15    Int: 11    God:
Gold:   82         SH:  0    Dex: 20    Spells: 4/4 levels left

rFire   . . .      SeeInvis .    b - +2 sling (drain)
rCold   . . .      Faith    .    (no shield)
rNeg    . . .      Spirit   .    c - +0 leather armour
rPois   .          Reflect  .    (no helmet)
rElec   .          Harm     .    (no cloak)
rCorr   .          Rampage  .    (no gloves)
Will    .....                    (no boots)
Stlth   ++++                     (no amulet)
HPRegen 0.25/turn                (no ring)
MPRegen 0.09/turn                (no ring)

@: no status effects
A: small, no large weapons, nightstalker 3
a: no special abilities


You were on level 6 of the Dungeon.
You visited 1 branch of the dungeon, and saw 4 of its levels.

You collected 82 gold pieces.

Inventory:

Hand Weapons
 a - a +1 shortbow
 b - a +2 sling of draining (weapon)
   (You found it on level 2 of the Dungeon)
Armour
 c - a +0 leather armour (worn)
 f - a +1 chain mail of fire resistance
   (You found it on level 3 of the Dungeon)
 k - a +0 helmet
   (You took it off Robin on level 3 of the Dungeon)
Wands
 j - a wand of polymorph (13)
   (You found it on level 2 of the Dungeon)
Scrolls
 m - a scroll of fog {unknown}
 K - a scroll of immolation {!r}
Potions
 d - 2 potions of heal wounds {unknown}
 e - a potion of flight {unknown}
 g - a potion of attraction {unknown}
 h - a potion of brilliance {unknown}
 i - 3 potions of cancellation
 l - 2 potions of haste {unknown}
 J - 7 potions of curing {@q1}


   Skills:
 + Level 3.4 Fighting
 * Level 7.0 Ranged Weapons
 + Level 3.6 Dodging
 + Level 3.4 Stealth


You had 4 spell levels left.
You didn't know any spells.
Your spell library contained the following spells:

 Spells                   Type           Power      Damage    Failure   Level
 Freeze                   Ice            0%         1d3       45%         1


Dungeon Overview and Level Annotations

Branches:
Dungeon (3/15)

Altars:
Wu Jian


Innate Abilities, Weirdness & Mutations

You are small and have problems with some larger weapons.
You are completely attuned to the shadows.


Message History

J - 7 potions of curing {@q1} (gained 1)
Found a stone staircase leading down.
m - a scroll labelled TUMABL ASOWAET No target in view!
A sourceless malevolence fills the Dungeon...
You fall into a shaft and drop 3 floors!
The shaft crumbles and collapses.
You hear the hiss of flowing sand.
There is an entrance to an ossuary on this level.
Hurry and find it before the portal is buried!
A gnoll comes into view. It is wielding a +0 club.
You shoot a sling bullet. The sling bullet hits the gnoll.
The gnoll shouts!
You hear a shout!
You hear an angry hiss.
A gnoll comes into view. It is wielding a +0 spear.
You shoot a sling bullet. The sling bullet hits the gnoll.
You hear a shout!
You shoot a sling bullet.
The sling bullet closely misses the gnoll.
A gnoll comes into view. It is wielding a +0 halberd.
A gnoll comes into view. It is wielding a +0 club.
You shoot a sling bullet. The sling bullet hits the gnoll.
The gnoll hits you from afar with a +0 spear.
You take 5 damage, and have 27/32 hp.
You shoot a sling bullet. The sling bullet hits the gnoll.
You drain the gnoll. The gnoll barely misses you.
The gnoll throws a throwing net.
The throwing net hits you.
You become entangled in the net!
You struggle against the net.
The gnoll hits you but does no damage. The gnoll closely misses you.
You tear a large gash into the net.
The gnoll closely misses you.
The gnoll hits you from afar with a +0 spear.
The gnoll hits you with a +0 club.
You take 5 damage, and have 22/32 hp.
You shred the net and break free! The gnoll closely misses you.
The gnoll hits you from afar with a +0 spear!
The gnoll hits you with a +0 club.
You take 10 damage, and have 12/32 hp.
MASSIVE DAMAGE!!
The gnoll misses you.
You are too injured to fight recklessly!
You are too injured to fight recklessly!
You are too injured to fight recklessly!
Fire: b) +2 sling (drain)
Aim: a gnoll, wielding a +0 club (severely wounded, heavily drained, 69% to hit)
You shoot a sling bullet.
The sling bullet barely misses the gnoll.
The sling bullet hits the gnoll.
You drain the gnoll.
The gnoll closely misses you. x2; The gnoll completely misses you.
Fire: b) +2 sling (drain)
Aim: a gnoll, wielding a +0 club (severely wounded, heavily drained, 69% to hit)
You shoot a sling bullet. The sling bullet hits the gnoll.
You drain the gnoll.
You kill the gnoll!
The gnoll misses you.
Fire: b) +2 sling (drain)
Aim: a gnoll, wielding a +0 spear (heavily wounded, heavily drained, 69% to hit)
You shoot a sling bullet. The sling bullet hits the gnoll.
You drain the gnoll.
You kill the gnoll!
Your Ranged Weapons skill increases to level 7!
Fire: b) +2 sling (drain)
Aim: a gnoll, wielding a +0 club and quivering a throwing net (69% to hit)
You shoot a sling bullet.
The sling bullet barely misses the gnoll.
The sling bullet hits the gnoll but does no damage.
The gnoll throws a throwing net.
The throwing net hits you.
You become entangled in the net!
You cannot shoot with your sling while held in a net.
Unknown command.
You cannot shoot with your sling while held in a net.
Unknown command.
You cannot shoot with your sling while held in a net.
Unknown command.
You tear a large gash into the net.
Unknown command.
You struggle against the net.
The gnoll closely misses you.
Unknown command.
You struggle against the net.
The gnoll hits you with a +0 club.
The gnoll hits you from afar with a +0 halberd!
* * * LOW HITPOINT WARNING * * *
You take 13 damage, and have 2/32 hp.
MASSIVE DAMAGE!!
You rip the net and break free!
The gnoll hits you with a +0 club.
* * * LOW HITPOINT WARNING * * *
The gnoll hits you from afar with a +0 halberd.
* * * LOW HITPOINT WARNING * * *
You take 1 damage, and have 1/32 hp.
Unknown command.
You hear the slow hiss of a very distant avalanche of sand.
Fire: b) +2 sling (drain)
Aim: a gnoll, wielding a +0 club (69% to hit)
You shoot a sling bullet. The sling bullet hits the gnoll.
You drain the gnoll. The gnoll barely misses you.
Fire: b) +2 sling (drain)
Aim: a gnoll, wielding a +0 club (severely wounded, heavily drained, 69% to hit)
You shoot a sling bullet.
The sling bullet barely misses the gnoll.
The sling bullet hits the gnoll.
You drain the gnoll. The gnoll closely misses you.
The gnoll hits you from afar with a +0 halberd!
You die...

# ..
##############g##
#.@gg.)).........
#.########.....##
#.# #.##### #.#
#.# ### #.# ###


You could see 2 gnolls.

Vanquished Creatures
  Natasha (thrice) (D:3)
  Robin (D:3)
  2 gnolls (D:6)
  An adder (D:2)
  2 dart slugs (D:1)
  8 endoplasms
  3 giant cockroaches
  14 goblins
  8 hobgoblins
  3 jackals (D:2)
  3 quokkas
  5 ball pythons
  5 bats
  A frilled lizard (D:3)
  5 kobolds
  3 rats
67 creatures vanquished.

Notes
Turn   | Place    | Note
-------+----------+-------------------------------------------
     0 | D:1      | OTABOTABOTAB the Kobold Hunter began the quest for the Orb.
     0 | D:1      | Reached XP level 1. HP: 12/12 MP: 1/1
    22 | D:1      | Found a faded altar of an unknown god.
    27 | D:1      | Got Plato's Incunabulum of Chilblains
    91 | D:1      | Reached XP level 2. HP: 18/18 MP: 2/2
   295 | D:1      | Reached skill level 2 in Stealth
   590 | D:1      | Reached XP level 3. HP: 22/22 MP: 3/3
  1342 | D:2      | Reached skill level 6 in Ranged Weapons
  1350 | D:2      | Reached skill level 3 in Dodging
  1358 | D:2      | Reached XP level 4. HP: 14/27 MP: 4/4
  1576 | D:2      | Found an ornate altar of the Wu Jian Council.
  2445 | D:3      | Noticed Robin
  2456 | D:3      | Reached skill level 3 in Fighting
  2468 | D:3      | Killed Robin
  2579 | D:3      | Noticed Natasha
  2585 | D:3      | Killed Natasha
  2586 | D:3      | Reached skill level 3 in Stealth
  2586 | D:3      | Reached XP level 5. HP: 24/32 MP: 5/5
  2641 | D:3      | Noticed Natasha
  2647 | D:3      | Killed Natasha
  2661 | D:3      | Noticed Natasha
  2663 | D:3      | Killed Natasha
  2765 | D:3      | You fall into a shaft and drop 3 floors!
  2806 | D:6      | Reached skill level 7 in Ranged Weapons
  2809 | D:6      | HP: 2/32 [gnoll/+0 halberd (8)]
  2815 | D:6      | Mangled by a gnoll

Illustrated notes

Levels and vault maps discovered:
D:1:      minmay_arrival_checkered_box, layout_basic,
          shapermc_ecumenical_altar_rom_forum
D:2:      layout_loops_corners, basic_altar, chequers_garden,
          chequers_serial_rivers_micro_b, kennysheep_generic_room_7
D:3:      layout_rooms, grunt_dithmenos_smoke_and_mirrors, serial_aquarium,
          aquarium_bridge_straight [aquarium_subvault_bridge,
          aquarium_subvault_wall, aquarium_subvault_bridge,
          aquarium_subvault_wall], aquarium_bridge_straight
          [aquarium_subvault_bridge, aquarium_subvault_wall,
          aquarium_subvault_bridge, aquarium_subvault_wall], aquarium_window_2,
          aquarium_window_2, aquarium_window_fake, aquarium_view_2c,
          aquarium_view_2d, aquarium_balcony_1a, aquarium_pool_1, uniq_natasha,
          uniq_robin
D:6:      layout_loops_ring, marbit_many_paths, enter_ossuary_5, serial_shops,
          shop, shop

Skill      XL: |  1  2  3  4  5 |
---------------+----------------+-----
Stealth        | 2 3 |  3.4
Ranged Weapons | 6 7 |  7.0
Dodging        | 3 |  3.6
Fighting       | 3 |  3.4

Action                     |  1- 3 |  4- 6 || total
---------------------------+-------+-------++-------
   Fire: Shortbow          |    77 |     4 ||    81
         Sling             |       |    70 ||    70
    Use: Scroll            |     3 |     3 ||     6
 Armour: Leather armour    |    17 |     3 ||    20
  Dodge: Dodged            |    35 |    21 ||    56

Table legend: (Time is in decaauts)
 A = Elapsed time spent in this place.
 B = Non-inter-level travel time spent in this place.
 C = Inter-level travel time spent in this place.
 D = Time resting spent in this place.
 E = Time spent auto-exploring this place.
 F = Levels seen in this place.
 G = Mean time per level.
                   A        B        C        D        E       F      G
               +--------+--------+--------+--------+--------+-----+--------+
         Total |   2848 |   2786 |     62 |    187 |   2276 |   4 |  712.0 |
       Dungeon |   2848 |   2786 |     62 |    187 |   2276 |   4 |  712.0 |
               +--------+--------+--------+--------+--------+-----+--------+

Top non-repeatable levels by time:
     D:2: 1388 daAuts
     D:1: 917 daAuts
     D:3: 491 daAuts
     D:6: 51 daAuts

Table legend:
 A = Kills in this place as a percentage of kills in entire the game.
 B = Kills by you in this place as a percentage of kills by you in the entire game.
 C = Kills by friends in this place as a percentage of kills by friends in the entire game.
 D = Other kills in this place as a percentage of other kills in the entire game.
 E = Experience gained in this place as a percentage of experience gained in the entire game.
 F = Experience gained in this place divided by the number of levels of this place that you have seen.
                   A       B       C       D       E      F
               +-------+-------+-------+-------+-------+----------------------
         Total | 100.0 | 100.0 |   N/A |   N/A | 100.0 |  67.0
       Dungeon | 100.0 | 100.0 |   N/A |   N/A | 100.0 |  67.0
               +-------+-------+-------+-------+-------+----------------------
